[Event "45th FIDE Olympiad 2024"]
[Site "Budapest"]
[Date "2024.09.15"]
[Round "5"]
[White "Taieb, Sahbi"]
[Black "Auguiste, Lyndon"]
[Result "1-0"]
[ECO "E40"]
[WhiteElo "2118"]
[BlackElo "1697"]
[PlyCount "47"]
[EventDate "2024.09.05"]
[EventType "team-tourn"]
[EventCountry "HUN"]
[WhiteTeam "Tunisia"]
[BlackTeam "Dominica"]
[WhiteTeamCountry "TUN"]
[BlackTeamCountry "DMA"]
[TimeControl "40/5400+30:1800+30"]

1. d4 Nf6 2. c4 e6 3. Nc3 Bb4 4. e3 Ne4 5. Qc2 Bxc3+ 6. bxc3 f5 7. Bd3 Nf6 8. Nf3 c6 9. O-O d6 10. Nd2 d5 11. Ba3 Qc7 12. f3 Nbd7 13. Rae1 c5 14. e4 dxe4 15. fxe4 Ng4 16. Nf3 O-O 17. exf5 exf5 18. Bxf5 Rxf5 19. Qxf5 Ngf6 20. Qe6+ Kh8 21. Qe8+ Ng8 22. Ng5 h6 23. Qxg8+ Kxg8 24. Re8+ 1-0

[Event "45th FIDE Olympiad 2024"]
[Site "Budapest"]
[Date "2024.09.15"]
[Round "5.1"]
[White "Gukesh, D."]
[Black "Suleymanli, Aydin"]
[Result "1-0"]
[ECO "C54"]
[WhiteElo "2764"]
[BlackElo "2632"]
[Annotator "TA"]
[PlyCount "75"]
[EventDate "2024.09.05"]
[EventType "team-tourn"]
[EventCountry "HUN"]
[SourceTitle "playchess.com"]
[Source "ChessBase"]
[SourceQuality "1"]
[WhiteTeam "India"]
[BlackTeam "Azerbaijan"]
[WhiteTeamCountry "IND"]
[BlackTeamCountry "AZE"]
[TimeControl "40/5400+30:1800+30"]

1. e4 e5 2. Nf3 Nc6 3. Bc4 Nf6 4. d3 Bc5 5. Bg5 h6 6. Bh4 g5 7. Bg3 d6 8. c3 a5 9. Nbd2 Ba7 10. a3 Nh5 {[%emt 0:06:53] [#]} (10... O-O $11) 11. Nxe5 $1 $14 Nxg3 12. Bxf7+ Kf8 13. Ng6+ Kg7 14. fxg3 Kxf7 15. Nxh8+ Qxh8 16. d4 Kg7 (16... Bd7 $142) 17. O-O Bd7 18. Kh1 Rf8 19. Qe2 Rxf1+ {[%emt 0:01:08] This costs Black the game.} (19... Qg8 $16 {was necessary.}) 20. Rxf1 $18 {[%emt 0:00:44] And now Qf3 would win.} Qe8 21. Qf3 Qe7 {[%emt 0:00:15] [#] Prevents Qf6+} 22. Nc4 $1 Be6 23. Ne3 Nd8 24. Nf5+ Bxf5 25. exf5 (25. Qxf5 c5 $16) 25... Qf6 26. Re1 Bb6 27. g4 c5 $2 (27... c6 28. Qe4 Qf8) 28. d5 c4 (28... Nf7 $2 29. Re6 Bd8 30. Rxf6) 29. Re4 Bc5 (29... Nf7 $2 30. Re6 (30. Rxc4 $2 Ne5 $19) 30... Bd8 31. Rxf6 $18) (29... Qf7 {was called for.} 30. h3 (30. Rxc4 Kf8 $18) 30... Kf8) 30. a4 {[%emt 0:00:21] White is clearly winning.} (30. Rxc4 Nf7 31. Re4 Ne5 $16) 30... Ba7 (30... Nf7 31. Re6 Qd8 (31... Ne5 $2 32. Rxf6 Nxf3 33. Rg6+ Kf8 34. gxf3 $18) 32. f6+ Kh8 33. Qh3) 31. Qe2 (31. Rxc4 Nf7 32. Rc7 Qe5 33. f6+ (33. Rxb7 $2 Qe1+) 33... Qxf6 34. Rxb7 (34. Qxf6+ Kxf6 35. Rxb7 Be3 $18) 34... Bf2 35. Qxf6+ Kxf6) 31... h5 32. Re7+ (32. Qxc4 hxg4 33. Qc8 (33. Rxg4 Qxf5 34. h4 Nf7 $17) 33... g3 $18) (32. gxh5 Nf7 $16) 32... Kf8 33. Re8+ Kf7 34. gxh5 g4 35. h6 Qxf5 36. h7 {[%emt 0:00:52] Threatening mate with Qe7+.} (36. Rxd8 $2 {is a self mate.} Qb1+) (36. Qe7+ Kg6 37. Qg7+ (37. Rxd8 $2 Qf1#) (37. Qxd6+ Kh7 $18) 37... Kh5 $18) 36... Qb1+ 37. Qe1 Qxe1+ 38. Rxe1 {[%emt 0:00:04] Weighted Error Value: White=0.11 (very precise) /Black=0.43.  Mistake:       	---       	Black=5      Inaccurate:     	White=1     	Black=2      OK:         	White=10    	Black=5      Best:        	White=3     	Black=4      Strong:       	White=1     	---        Brilliant:      	White=1     	---} 1-0

[Event "45th FIDE Olympiad 2024"]
[Site "Budapest"]
[Date "2024.09.15"]
[Round "5.1"]
[White "Houssein, Mohamed Bilal"]
[Black "Kigigha, Bomo Lovet"]
[Result "0-1"]
[ECO "B92"]
[WhiteElo "1870"]
[BlackElo "2217"]
[PlyCount "114"]
[EventDate "2024.09.05"]
[EventType "team-tourn"]
[EventCountry "HUN"]
[WhiteTeam "Djibouti"]
[BlackTeam "Nigeria"]
[WhiteTeamCountry "DJI"]
[BlackTeamCountry "NGR"]
[TimeControl "40/5400+30:1800+30"]

1. e4 c5 2. Nf3 d6 3. d4 cxd4 4. Nxd4 Nf6 5. Nc3 a6 6. Be2 e5 7. Nb3 Be6 8. Be3 Be7 9. Nd5 Nxd5 10. exd5 Bf5 11. Qd2 Nd7 12. Na5 Qc7 13. c4 O-O 14. b4 Qb8 15. O-O Rc8 16. f4 Be4 17. Bd3 Bxd3 18. Qxd3 Bd8 19. Nb3 exf4 20. Bxf4 Qa7+ 21. Kh1 Bf6 22. Rac1 Be5 23. Be3 Qb8 24. Na5 Qc7 25. Qd2 Nf6 26. c5 Qe7 27. c6 b5 28. Rf3 Ne4 29. Qc2 Qh4 30. Rh3 Qg4 31. Qd1 Qg6 32. Qh5 Nc3 33. Qxg6 hxg6 34. Rc2 Nxd5 35. Bd2 Nc7 36. Bc3 Re8 37. Rc1 Bxc3 38. Rhxc3 Re4 39. a3 Rae8 40. h3 Re1+ 41. Rxe1 Rxe1+ 42. Kh2 Kf8 43. Nb7 Ke7 44. Kg3 Re4 45. Kf3 f5 46. Rd3 Re6 47. Na5 d5 48. Rc3 g5 49. Nb3 g6 50. Nd4 Re4 51. Rd3 Kd6 52. Rd2 Ne6 53. Ne2 Kxc6 54. Nc3 Rd4 55. Re2 Rd3+ 56. Kf2 Kd6 57. Nb1 Rb3 {0-} 0-1

[Event "45th FIDE Olympiad 2024"]
[Site "Budapest"]
[Date "2024.09.15"]
[Round "5.2"]
[White "Abasov, Nijat"]
[Black "Praggnanandhaa, R."]
[Result "1/2-1/2"]
[ECO "D02"]
[WhiteElo "2626"]
[BlackElo "2750"]
[Annotator "TA"]
[PlyCount "68"]
[EventDate "2024.09.05"]
[EventType "team-tourn"]
[EventCountry "HUN"]
[SourceTitle "playchess.com"]
[Source "ChessBase"]
[SourceQuality "1"]
[WhiteTeam "Azerbaijan"]
[BlackTeam "India"]
[WhiteTeamCountry "AZE"]
[BlackTeamCountry "IND"]
[TimeControl "40/5400+30:1800+30"]

1. d4 d5 2. Nf3 Nf6 3. Bf4 c5 4. e3 Nc6 5. Nbd2 cxd4 6. exd4 a6 7. Nb3 Bf5 8. Bd3 Bxd3 9. Qxd3 e6 10. O-O Bd6 11. Bxd6 Qxd6 12. Rfe1 O-O 13. Ne5 Qc7 14. c3 Ne4 15. Nd2 ({White should play} 15. Nxc6 $11 Qxc6 16. Nc1) 15... Nxe5 $15 16. dxe5 Nxd2 17. Qxd2 Rfc8 18. Re3 Qe7 19. Rg3 Rc4 20. Re1 b5 21. b3 Rc6 22. Qd4 Rac8 (22... a5 $15) 23. h4 $1 $11 {[%emt 0:01:02] The position is equal.} a5 24. h5 h6 25. Ree3 b4 26. Qg4 Qf8 27. cxb4 axb4 28. Qf4 $1 Kh8 29. Rg4 Rc1+ 30. Kh2 R1c2 31. Rf3 R8c7 (31... Rxa2 $2 {loses.} 32. Qxf7 Qg8 (32... Qxf7 $2 33. Rxf7 d4 34. Rfxg7 $18) 33. Rf6 (33. Rxb4 Re2 $11) 33... Qxf7 34. Rxf7 $18) 32. Rg6 Qg8 ({Of course not} 32... Rxa2 $6 33. Rxe6 Rc3 34. Rd6 $16 (34. Qxf7 Rxf3 35. Qxf3 Rxf2 $11)) 33. Rxh6+ gxh6 34. Qxh6+ Qh7 {[%emt 0:00:01] Weighted Error Value: White=0.07 (flawless) /Black=0.07 (flawless) .  Mistake:       	White=1     	Black=1      OK:         	White=10    	Black=12     Best:        	White=1     	Black=1      Strong:       	White=2     	---} 1/2-1/2

[Event "45th FIDE Olympiad 2024"]
[Site "Budapest"]
[Date "2024.09.15"]
[Round "5.2"]
[White "Osunfuyi, Abimbola"]
[Black "Omar, Aden Omar"]
[Result "1-0"]
[ECO "A17"]
[WhiteElo "2164"]
[BlackElo "1779"]
[PlyCount "49"]
[EventDate "2024.09.05"]
[EventType "team-tourn"]
[EventCountry "HUN"]
[WhiteTeam "Nigeria"]
[BlackTeam "Djibouti"]
[WhiteTeamCountry "NGR"]
[BlackTeamCountry "DJI"]
[TimeControl "40/5400+30:1800+30"]

1. Nf3 d5 2. e3 Nf6 3. c4 e6 4. Nc3 a6 5. b3 Nbd7 6. Bb2 b6 7. cxd5 exd5 8. Rc1 c5 9. d4 Bb7 10. Bd3 Bd6 11. O-O O-O 12. dxc5 bxc5 13. Bf5 Re8 14. Na4 Qe7 15. Qc2 Ne4 16. Bxd7 Qxd7 17. Nb6 Qe7 18. Nxa8 Bxa8 19. Rfe1 Qe6 20. Nd2 Nxd2 21. Qxd2 Qh6 22. f4 Re6 23. Ba3 d4 24. Bxc5 Rg6 25. Bxd6 1-0

[Event "45th FIDE Olympiad 2024"]
[Site "Budapest"]
[Date "2024.09.15"]
[Round "5.3"]
[White "Erigaisi, Arjun"]
[Black "Mamedov, Rauf"]
[Result "1-0"]
[ECO "B77"]
[WhiteElo "2778"]
[BlackElo "2637"]
[Annotator "TA"]
[PlyCount "87"]
[EventDate "2024.09.05"]
[EventType "team-tourn"]
[EventCountry "HUN"]
[SourceTitle "playchess.com"]
[Source "ChessBase"]
[SourceQuality "1"]
[WhiteTeam "India"]
[BlackTeam "Azerbaijan"]
[WhiteTeamCountry "IND"]
[BlackTeamCountry "AZE"]
[TimeControl "40/5400+30:1800+30"]

1. e4 c5 2. Nf3 d6 3. d4 cxd4 4. Nxd4 Nf6 5. Nc3 g6 6. Be3 Bg7 7. f3 Nc6 8. Qd2 O-O 9. Bc4 Nxd4 10. Bxd4 Be6 11. Bb3 Qa5 12. O-O-O b5 13. Kb1 b4 14. Nd5 Bxd5 15. exd5 Qb5 $1 16. Qd3 Qxd3 17. Rxd3 Rfc8 {[%emt 0:01:19] White has an edge.} 18. Re1 Rc7 19. c3 a5 20. cxb4 axb4 21. g4 Rac8 22. Rdd1 (22. Bb6 $5 Rb7 $8 23. Bf2 $11) 22... Bh6 23. h4 {[%emt 0:10:13] Strongly threatening g5.} Bf4 24. Bb6 Rb7 25. Be3 Bxe3 26. Rxe3 Kf8 27. Ba4 Rc5 28. Bc6 $36 {[%emt 0:04:20][%mdl 2048] White fights for an advantage.} Ra7 ({Better is} 28... Rb6 $11) 29. g5 $1 $14 Nd7 {[%emt 0:01:38] [#]} 30. Rd4 $1 Nb6 31. Rb3 $1 (31. Rxb4 $6 Nxd5 32. Bxd5 Rxd5 $11) 31... e5 (31... Nc4 $1 $14) 32. Rdxb4 $18 Nxd5 33. Rb8+ Kg7 34. Bxd5 Rxd5 35. R3b7 Rxb7 36. Rxb7 {[%emt 0:00:09][%mdl 4096] Endgame. KR-KR} Rd4 {[%emt 0:00:02] [#]} 37. b4 $1 Rxh4 (37... d5 $142) 38. a4 {[%emt 0:00:05][%cal Ba2a4,Ba4a5,Ba5a6,Ba6a7][%mdl 32] a5 would now be deadly.} h5 $2 (38... Rh1+ 39. Kc2 Rh2+ 40. Kb1 Rh1+ 41. Kc2 Rh2+ 42. Kb3 Rh3) 39. gxh6+ Rxh6 40. a5 {[%emt 0:00:53] aiming for a6.} Rh3 (40... e4 $142 41. fxe4 g5) 41. a6 {[%emt 0:32:31] White is clearly winning.} Rxf3 42. Rb5 e4 43. a7 e3 44. Kc2 {[%emt 0:00:00] Weighted Error Value: White=0.01 (flawless) /Black=0.27 (precise) .  Mistake:       	---       	Black=5      Inaccurate:     	---       	Black=1      OK:         	White=10    	Black=12     Best:        	White=5     	Black=1      Strong:       	White=4     	---} (44. a8=B Rf1+ 45. Kb2 e2 46. Bg2 Rg1 (46... e1=R 47. Bxf1 Rxf1 48. Rd5 $17) 47. Rb7 e1=Q (47... e1=B 48. Bc6 $17) 48. Kb3 Qe6+ (48... Rxg2 49. Rc7 Qd1+ 50. Kc4 Qc2+ 51. Kb5 Qxc7 52. Ka4 Qc6+ 53. b5 Qc3 54. b6 Qc4+ 55. Ka5 Rg5#) 49. Kc3 Rc1+ (49... Rxg2 50. Rc7 Qe3+ 51. Kc4 Rc2+ 52. Kb5 Rxc7 53. Ka6 Qe8 54. Ka5 Rb7 55. Ka6 Qb5#) 50. Kb2 Qc4) 1-0

[Event "45th FIDE Olympiad 2024"]
[Site "Budapest"]
[Date "2024.09.15"]
[Round "5.3"]
[White "Mohamed, Ali Dima"]
[Black "Ofowino, Toritsemuwa"]
[Result "0-1"]
[ECO "B13"]
[WhiteElo "1761"]
[BlackElo "2020"]
[PlyCount "160"]
[EventDate "2024.09.05"]
[EventType "team-tourn"]
[EventCountry "HUN"]
[WhiteTeam "Djibouti"]
[BlackTeam "Nigeria"]
[WhiteTeamCountry "DJI"]
[BlackTeamCountry "NGR"]
[TimeControl "40/5400+30:1800+30"]

1. e4 c6 2. d4 d5 3. exd5 cxd5 4. Nf3 Nc6 5. Bf4 Bg4 6. c3 Nf6 7. Nbd2 a6 8. Bd3 e6 9. h3 Bh5 10. Qb3 Na5 11. Qa4+ b5 12. Qc2 Bd6 13. Bxd6 Qxd6 14. Ne5 O-O 15. f4 Bg6 16. O-O Nc4 17. Ndxc4 dxc4 18. Bxg6 hxg6 19. b3 cxb3 20. axb3 Nd5 21. Qd3 Rfd8 22. Rf3 Rac8 23. Qd2 Nf6 24. Qd3 Nd5 25. Rc1 Qa3 26. Qb1 Qd6 27. Qe4 Rc7 28. Qe1 Rdc8 29. Kh2 Ne7 30. Nd3 Nf5 31. g4 Ne7 32. Nc5 Nd5 33. Qe5 Qc6 34. Re1 Re7 35. Kg3 Ree8 36. Qg5 Qd6 37. Ra1 Ra8 38. Ne4 Qc6 39. h4 Ne7 40. Re1 Rad8 41. h5 Rd5 42. Qh4 Rxh5 43. gxh5 Nf5+ 44. Kh3 Nxh4 45. Kxh4 gxh5 46. Rg3 Kf8 47. Rg5 g6 48. Rc5 Qb7 49. Kg3 Rd8 50. Nd2 b4 51. Nf3 bxc3 52. Rxc3 Qb4 53. Rec1 Rxd4 54. Nxd4 Qxd4 55. Rc8+ Kg7 56. R1c3 e5 57. fxe5 Qxe5+ 58. Kh3 g5 59. R8c5 Qf4 60. R5c4 Qf5+ 61. Kh2 Kg6 62. Rc2 f6 63. Rc8 Qf4+ 64. Kg2 Qe4+ 65. Kh2 Qe5+ 66. Kg2 Qd5+ 67. Kh2 Qxb3 68. R8c6 h4 69. R6c3 Qe6 70. Rc6 Qe5+ 71. Kh1 g4 72. R6c4 f5 73. Rc6+ Kg5 74. R6c5 Qe4+ 75. Kg1 h3 76. R5c4 Qe1+ 77. Kh2 Qe5+ 78. Kg1 g3 79. Rc1 Qe3+ 80. Kh1 Qf3+ {0-} 0-1

[Event "45th FIDE Olympiad 2024"]
[Site "Budapest"]
[Date "2024.09.15"]
[Round "5.4"]
[White "Mamedyarov, Shakhriyar"]
[Black "Vidit, Santosh Gujrathi"]
[Result "1/2-1/2"]
[ECO "A08"]
[WhiteElo "2733"]
[BlackElo "2720"]
[Annotator "TA"]
[PlyCount "166"]
[EventDate "2024.09.05"]
[EventType "team-tourn"]
[EventCountry "HUN"]
[SourceTitle "playchess.com"]
[Source "ChessBase"]
[SourceQuality "1"]
[WhiteTeam "Azerbaijan"]
[BlackTeam "India"]
[WhiteTeamCountry "AZE"]
[BlackTeamCountry "IND"]
[TimeControl "40/5400+30:1800+30"]

1. Nf3 d5 2. g3 c5 3. Bg2 Nf6 4. O-O g6 5. d4 cxd4 6. Qxd4 {[%emt 0:00:05] A08: King's Indian Attack.} Bg7 7. Rd1 Nc6 8. Qa4 O-O 9. Nc3 Bf5 $146 ({Predecessor:} 9... a6 10. Qh4 Qb6 11. Nxd5 Nxd5 12. Rxd5 Nb4 13. Be3 Qxe3 14. Ng5 h6 15. fxe3 Nxd5 16. Bxd5 hxg5 17. Qxg5 e6 18. Be4 Bxb2 19. Rd1 Bg7 20. h4 {1-0 Nihal,S (2650)-So,W (2772) Speed Chess Chess.com INT blitz 2021 (3.12)}) 10. Ne1 Qb6 11. Nxd5 Nxd5 12. Bxd5 Rad8 13. c3 Bd4 14. Bxf7+ Kxf7 15. cxd4 Rxd4 16. Rxd4 Nxd4 17. Nf3 Nxe2+ 18. Kg2 Nxc1 19. Rxc1 Qxb2 20. Rc7 Qf6 21. Rxb7 Kg8 22. Rxa7 Bd7 23. Qb3+ Be6 24. Qb7 Qf5 25. Ra8 Bd5 26. Rxf8+ Kxf8 27. Qb8+ Kf7 28. Qf4 e5 29. Qe3 g5 30. h3 h5 31. Qa7+ Kg6 32. Qa6+ Kg7 33. Qa7+ Qf7 34. Qe3 Qf6 35. g4 hxg4 36. hxg4 Bc6 37. Qc3 Kh6 38. Qb3 Be4 39. Qe3 Bc6 40. Qb3 Kg7 41. Qc3 Kf8 42. a4 Ke8 43. a5 Kd7 44. Qd3+ Kc7 45. Qh7+ Kd6 (45... Kc8 $5 46. Qg8+ $8 Kb7 47. Qb3+ Kc7 $15) 46. Qd3+ Kc5 47. Qb3 $1 Kd6 (47... Qf4 $5 48. Qb6+ $8 Kd6 49. Qd8+ Ke6 50. Qc8+ Kd5 $11) 48. Qd3+ Kc7 49. Qh7+ $1 Kc8 50. Qg8+ Kb7 51. Qb3+ Kc7 52. Qc3 $1 Qf4 53. Kf1 $1 Qxf3 54. Qxe5+ Kb7 55. Qb2+ $1 Kc8 56. Qh8+ Kd7 ({Much less strong is} 56... Kb7 57. Qb2+ Kc8 58. Qh8+ Kd7 (58... Kb7 59. Qb2+ $15) 59. Qg7+ Kd6 60. Qg6+ Kc7 61. Qg7+ Bd7 62. Qxg5 $11) 57. Qg7+ Ke6 58. Qg8+ Kf6 59. Qh8+ $1 Ke7 60. Qg7+ Kd6 61. Qg6+ Kc7 62. Qg7+ Bd7 63. Qxg5 Qd1+ (63... Bxg4 $2 64. Qc1+ Kb8 65. Qb2+ Kc8 66. Qc2+ Kd8 67. Qd2+ Kc7 68. Qh6 Bh3+ 69. Ke1 $17) 64. Kg2 Bc6+ (64... Qxg4+ {simplifies} 65. Qxg4 Bxg4 66. Kg3 Bf5) 65. Kg3 Qf3+ 66. Kh4 Qh1+ 67. Kg3 Qg2+ 68. Kf4 Qe4+ (68... Qxf2+ 69. Ke5 Qc5+ 70. Kf4 Qd4+ 71. Kg3 $17) 69. Kg3 Qg2+ 70. Kf4 Qxf2+ 71. Ke5 Qc5+ 72. Kf6 Qf8+ 73. Kg6 Be4+ 74. Kh5 Qf7+ 75. Kh4 Qf2+ 76. Kh5 Qh2+ 77. Qh4 Qe5+ (77... Qxh4+ {simplifies} 78. Kxh4 Kc6 79. g5 Bd3) 78. Qg5 Qh2+ 79. Qh4 Qd6 (79... Qe5+ 80. Qg5 Qe8+ 81. Kh4 $17) 80. Qf2 Qg6+ 81. Kh4 Qh6+ 82. Kg3 Qd6+ 83. Qf4 Qxf4+ 1/2-1/2

[Event "45th FIDE Olympiad 2024"]
[Site "Budapest"]
[Date "2024.09.15"]
[Round "5.5"]
[White "Ivanchuk, Vasyl"]
[Black "Rapport, Richard"]
[Result "0-1"]
[ECO "D92"]
[WhiteElo "2635"]
[BlackElo "2715"]
[Annotator "TA"]
[PlyCount "51"]
[EventDate "2024.09.05"]
[EventType "team-tourn"]
[EventCountry "HUN"]
[SourceTitle "playchess.com"]
[Source "ChessBase"]
[SourceQuality "1"]
[WhiteTeam "Ukraine"]
[BlackTeam "Hungary"]
[WhiteTeamCountry "UKR"]
[BlackTeamCountry "HUN"]
[TimeControl "40/5400+30:1800+30"]

1. d4 Nf6 2. c4 g6 3. Nc3 d5 4. Nf3 Bg7 5. Bf4 O-O 6. Rc1 Bg4 7. e3 c5 8. dxc5 Bxf3 {[%emt 0:01:10] White is slightly better.} 9. Qxf3 Ne4 $1 10. cxd5 Bxc3+ 11. bxc3 (11. Rxc3 Nxc3 12. bxc3 Qa5 $17) 11... Qxd5 12. Rd1 {[%emt 0:00:08] Inhibits Qd2+.} Qe6 13. Rd4 Nxc5 14. Bc4 {[%emt 0:00:26] Black is weak on the dark squares} Qc6 15. Bd5 $1 {[%emt 0:04:38] This pair of bishops is nice.} Qb5 {[%emt 0:05:10] [#]} (15... Qf6 $1 $14) 16. a4 Nd3+ $1 $11 17. Kd2 Qb2+ 18. Kxd3 {[%emt 0:00:01][%cal Od5f7] Black must now prevent Bxf7+!} Na6 19. Rc4 {[%emt 0:05:41][%cal Of4h6] Prevents Nc5+. Strongly threatening Bh6!} (19. Bxb7 $2 Nc5+ 20. Kc4 Nxb7 $19 (20... Qxb7 21. Qxb7 Nxb7 22. Rb1 $16)) 19... Rad8 {[%emt 0:08:42] Threatens to win with ...e6.} 20. Be5 $2 (20. Bh6 $11 {and White is okay.} e6 21. Bxf8 Kxf8 22. e4 exd5 23. exd5) 20... e6 $19 21. Qf6 (21. Bd4 $142 Rxd5 (21... exd5 22. Rc6 $11) 22. Qe2) 21... Rxd5+ (21... exd5 22. Qh8#) 22. Ke4 {[%emt 0:00:02][%csl Ge5][%cal Rf6g7] [#]} Rxe5+ $1 23. Kxe5 Qe2 {[%emt 0:00:10] Repels Rd1} 24. Rd4 {[%emt 0:02:37] [#]} Nb8 $1 (24... Qa2 $2 25. Rd8 Nc7 26. Qe7 Rxd8 27. Qxd8+ Kg7 28. Qd4 $18 (28. Qxc7 $2 {loses.} Qd5+ 29. Kf4 Qxg2 $17)) 25. Rd6 ({Don't blunder} 25. Kd6 $2 Nc6 (25... Qa6+ $2 26. Ke5 $19) 26. Rb1 e5 $19) 25... Qc4 26. Qf4 $2 {[%emt 0:00:00] Weighted Error Value: White=0.29 (precise) /Black=0.10 (very precise) .  Loses game:     	White=1     	---        Mistake:       	White=3     	Black=1      Inaccurate:     	---       	Black=1      OK:         	White=7     	Black=6      Best:        	White=4     	Black=4      Strong:       	White=1     	Black=3      Brilliant:      	---       	Black=1} (26. Rhd1 $19) 0-1

[Event "45th FIDE Olympiad 2024"]
[Site "Budapest"]
[Date "2024.09.15"]
[Round "5.5"]
[White "Khan, Taffin"]
[Black "Gurner, Jem"]
[Result "0-1"]
[ECO "E62"]
[WhiteElo "2066"]
[BlackElo "2091"]
[PlyCount "132"]
[EventDate "2024.09.05"]
[EventType "team-tourn"]
[EventCountry "HUN"]
[WhiteTeam "Guyana"]
[BlackTeam "Jersey"]
[WhiteTeamCountry "GUY"]
[TimeControl "40/5400+30:1800+30"]

1. Nf3 Nf6 2. d4 g6 3. g3 Bg7 4. Bg2 O-O 5. O-O d6 6. c4 Nc6 7. Nc3 e5 8. dxe5 Nxe5 9. Nxe5 dxe5 10. Qxd8 Rxd8 11. Bg5 Rd4 12. b3 c6 13. Be3 Rd8 14. Rad1 Rxd1 15. Rxd1 Be6 16. h3 Bf8 17. Na4 Nd7 18. Nb2 f6 19. Nd3 a5 20. Rc1 Kf7 21. Rc2 h5 22. f4 exf4 23. Nxf4 Bf5 24. Rd2 Re8 25. Bf2 Nc5 26. Rd1 Ne4 27. Be1 Bc5+ 28. Kh2 b6 29. Bf3 Be3 30. Ng2 Bc5 31. Nf4 Kg7 32. g4 hxg4 33. hxg4 Bc8 34. Kg2 Be3 35. Nh3 f5 36. Nf2 Bxf2 37. Bxf2 fxg4 38. Bxe4 Rxe4 39. Rd2 b5 40. cxb5 cxb5 41. Rd8 Bb7 42. Kf1 Re7 43. Rd4 Be4 44. Bh4 Re5 45. Kf2 Kh6 46. Bd8 b4 47. Bc7 Rf5+ 48. Kg3 Bb1 49. Rd2 Kh5 50. Rd1 Be4 51. Rd4 Rc5 52. Rxe4 Rxc7 53. Re5+ g5 54. Rxa5 Rc3+ 55. Kg2 Rc2 56. Re5 Rxa2 57. Re4 Kh4 58. Re8 Kh5 59. Re4 Rb2 60. Re3 Kg6 61. Kf2 Kf6 62. Rd3 Ke5 63. Re3+ Kf4 64. Rd3 g3+ 65. Kf1 Kg4 66. e4 Kh3 {0-} 0-1

[Event "45th FIDE Olympiad 2024"]
[Site "Budapest"]
[Date "2024.09.15"]
[Round "5.6"]
[White "Sjugirov, Sanan"]
[Black "Ponomariov, Ruslan"]
[Result "1/2-1/2"]
[ECO "C65"]
[WhiteElo "2644"]
[BlackElo "2654"]
[Annotator "TA"]
[PlyCount "60"]
[EventDate "2024.09.05"]
[EventType "team-tourn"]
[EventCountry "HUN"]
[SourceTitle "playchess.com"]
[Source "ChessBase"]
[SourceQuality "1"]
[WhiteTeam "Hungary"]
[BlackTeam "Ukraine"]
[WhiteTeamCountry "HUN"]
[BlackTeamCountry "UKR"]
[TimeControl "40/5400+30:1800+30"]

1. e4 e5 2. Nf3 Nc6 3. Bb5 Nf6 4. d3 Bc5 5. O-O Nd4 6. Nxd4 Bxd4 7. Nd2 O-O 8. c3 Bb6 9. Nc4 d5 10. exd5 Qxd5 11. a4 (11. Nxb6 {simplifies} axb6 12. Bc4 Qc6 13. Re1) 11... Bc5 12. Re1 (12. Ne3 {simplifies} Qd8 13. a5 c6 14. Bc4) 12... Ng4 13. Ne3 Bxe3 14. Bxe3 Qd6 15. h3 Nxe3 16. Rxe3 Be6 17. Qe2 c6 18. Bc4 Bxc4 19. dxc4 f6 20. Rd1 Qc7 21. f4 Rae8 22. c5 Re7 23. fxe5 Rxe5 24. Rxe5 Qxe5 25. Qxe5 {[%emt 0:02:10] The position is equal.} fxe5 $14 {[%emt 0:01:16] KR-KR} 26. b4 a5 27. Rd7 Rf7 28. Rd8+ Rf8 29. Rd7 Rf7 30. Rd8+ Rf8 {[%emt 0:00:05] Weighted Error Value: White=0.05 (flawless) /Black=0.05 (flawless) .  Inaccurate:     	White=1     	Black=1      OK:         	White=8     	Black=11     Best:        	White=1     	Black=3} 1/2-1/2

[Event "45th FIDE Olympiad 2024"]
[Site "Budapest"]
[Date "2024.09.15"]
[Round "5.6"]
[White "Carpenter, Paul A"]
[Black "Nathoo, Loris"]
[Result "0-1"]
[ECO "A02"]
[WhiteElo "1985"]
[BlackElo "1788"]
[PlyCount "104"]
[EventDate "2024.09.05"]
[EventType "team-tourn"]
[EventCountry "HUN"]
[WhiteTeam "Jersey"]
[BlackTeam "Guyana"]
[BlackTeamCountry "GUY"]
[TimeControl "40/5400+30:1800+30"]

1. b3 g6 2. Bb2 Nf6 3. e3 c5 4. f4 d6 5. Nf3 Bg7 6. Be2 Nc6 7. O-O O-O 8. Qe1 e6 9. a3 Ne7 10. Nc3 b6 11. Rb1 Bb7 12. Nd1 Qd7 13. d3 Ne8 14. e4 Bxb2 15. Rxb2 Kg7 16. c3 f5 17. e5 Nd5 18. Ng5 h6 19. Nh3 dxe5 20. fxe5 Rd8 21. Rd2 Nxc3 22. d4 Nxe2+ 23. Qxe2 cxd4 24. Nf4 Kh7 25. Nf2 Ng7 26. Rfd1 Qc6 27. Rc2 Qd7 28. Rcd2 Qe7 29. b4 g5 30. Nh5 Nxh5 31. Qxh5 Qf7 32. Qe2 Qe7 33. Rxd4 Rxd4 34. Rxd4 Rd8 35. Qd2 Rxd4 36. Qxd4 Bd5 37. Nd1 Qc7 38. Nc3 Qc4 39. Qd2 Kg6 40. Kf2 Qh4+ 41. Kg1 Qc4 42. Kf2 a6 43. g3 Kf7 44. Qe3 Qc6 45. Nxd5 exd5 46. Qd3 Ke6 47. g4 Kxe5 48. gxf5 b5 49. Qh3 Qc2+ 50. Ke1 Qe4+ 51. Kd2 Qf4+ 52. Ke1 Qh4+ {0-} 0-1

[Event "45th FIDE Olympiad 2024"]
[Site "Budapest"]
[Date "2024.09.15"]
[Round "5.7"]
[White "Korobov, Anton"]
[Black "Berkes, Ferenc"]
[Result "1/2-1/2"]
[ECO "C10"]
[WhiteElo "2650"]
[BlackElo "2605"]
[Annotator "RC"]
[PlyCount "110"]
[EventDate "2024.09.05"]
[EventType "team-tourn"]
[EventCountry "HUN"]
[SourceTitle "playchess.com"]
[Source "ChessBase"]
[SourceQuality "1"]
[WhiteTeam "Ukraine"]
[BlackTeam "Hungary"]
[WhiteTeamCountry "UKR"]
[BlackTeamCountry "HUN"]
[TimeControl "40/5400+30:1800+30"]

1. e4 e6 2. d4 d5 3. Nc3 dxe4 4. Nxe4 Nd7 5. Nf3 Ngf6 6. Nxf6+ Nxf6 7. Bd3 c5 8. Be3 Qc7 9. Qe2 a6 10. h4 Bd7 11. O-O-O Rc8 12. Ne5 Ba4 13. Kb1 Nd5 14. Be4 Nf6 15. Bd3 Nd5 16. Rc1 Be7 17. c4 Nxe3 18. fxe3 O-O 19. Qh5 f5 20. Qe2 Bd6 21. Nf3 e5 22. dxe5 Bxe5 23. Bc2 Bxc2+ 24. Qxc2 Rce8 25. Rcd1 Bf6 26. Qxf5 Rxe3 27. Ng5 Bxg5 28. Qd5+ Qf7 29. hxg5 Qxd5 30. Rxd5 b6 31. Rd6 Rg3 32. Rxb6 Rxg5 33. Rxa6 Rxg2 34. Ra5 Rc8 35. a4 Rg4 36. Ra7 Rxc4 37. Rg1 g6 38. Rh1 h5 39. Re1 Rb8 40. Re6 Rg4 41. a5 h4 42. Ree7 Rgb4 43. Rg7+ Kh8 44. Rh7+ Kg8 45. a6 Rxb2+ 46. Kc1 R8b3 47. Rag7+ Kf8 48. Rf7+ Kg8 49. Rfg7+ Kf8 50. Rd7 Kg8 51. a7 Rb1+ 52. Kc2 R1b2+ 53. Kd1 Ra3 54. Rdg7+ Kf8 55. Rf7+ Kg8 1/2-1/2